AoeStats
← antzostef

Arena

504945596Analyzed
4v4 RM · 27d ago on Sep 7, 2026· 55m 49s· 8 players
Game mode
Random Map
Map size
Large (8 player)
Population
200
Speed
Normal
Resources
Standard
Victory
Conquest
Starting age
Dark Age
Ending age
Imperial Age
RankedLock teamsTeams togetherTeam positionsShared explorationLock speedFull tech treeHidden civsTurbo modeCheats
Victory
Defeat
🇺🇸 Romans · United States
1137
+11
🇺🇸 Vietnamese · United States
1093
+12
🇺🇸 Bengalis · United States
1081
+13
🇺🇸 Britons · United States
1052
+14
🇧🇷 Hindustanis · Brazil
1039
-14
🇧🇷 Teutons · Brazil
1015
-13
🇫🇮 Inca · Finland
1010
-12
🇨🇴 Ethiopians · Colombia
969
-11
Big Tiozao
5:26 Loom
10:35 Feudal Age
16:07 Castle Age
14:20 Double-Bit Axe
14:53 Horse Collar
26:50 Wheelbarrow
30:51 Imperial Age
28:44 Gold Mining
28:45 Stone Mining
29:36 Bow Saw
30:12 Town Watch
32:54 Chemistry
33:27 Conscription
33:13 Scale Mail Armor
33:23 Forging
35:37 Husbandry
35:48 Bloodlines
37:13 Two-Man Saw
36:30 Chain Mail Armor
36:51 Iron Casting
38:22 Gold Shaft Mining
40:40 Hand Cart
40:42 Murder Holes
42:19 Blast Furnace
41:48 Fletching
davince0285
11:07 Feudal Age
15:07 Castle Age
12:56 Double-Bit Axe
12:54 Horse Collar
16:26 Bow Saw
17:11 Heavy Plow
21:26 Stone Mining
22:45 Wheelbarrow
22:34 Gold Mining
23:45 Hand Cart
25:07 Gold Shaft Mining
25:51 Loom
26:43 Town Watch
29:41 Imperial Age
27:57 Masonry
27:54 Scale Barding Armor
27:59 Forging
28:30 Fletching
29:05 Ballistics
29:26 Stone Shaft Mining
29:20 Crossbowman
30:02 Arbalester
30:48 Thumb Ring
30:40 Bodkin Arrow
30:45 Padded Archer Armor
31:48 Chemistry
31:27 Conscription
32:11 Bracer
32:27 Leather Archer Armor
33:24 Guilds
33:55 Town Patrol
34:12 Husbandry
33:35 Light Cavalry
35:04 Chain Barding Armor
34:55 Forging
35:17 Ring Archer Armor
34:58 Hussar
35:51 Siege Engineers
38:53 Scale Mail Armor
39:29 Iron Casting
39:15 Royal Heirs
41:06 Heavy Camel Rider
41:11 Cavalier
43:10 Architecture
42:35 Murder Holes
43:59 Blast Furnace
44:58 Torsion Engines
45:20 Squires
45:22 Scale Mail Armor
45:55 Halberdier
49:28 Coinage
49:44 Chain Mail Armor
51:19 Plate Mail Armor
52:21 Arson
Rölli
2:35 Loom
9:54 Feudal Age
10:37 Double-Bit Axe
10:33 Horse Collar
17:25 Castle Age
19:53 Bow Saw
20:17 Heavy Plow
24:43 Fortified Wall
25:59 Ballistics
27:06 Wheelbarrow
26:18 Town Watch
31:08 Imperial Age
29:27 Fletching
29:38 Padded Archer Armor
29:38 Scale Mail Armor
29:49 Forging
29:49 Andean Sling
30:20 Hand Cart
30:04 Bodkin Arrow
30:24 Gold Mining
30:48 Squires
31:59 Chain Mail Armor
31:53 Thumb Ring
32:37 Fabric Shields
33:45 Conscription
34:11 Iron Casting
33:53 Leather Archer Armor
34:27 Crop Rotation
35:37 Plate Mail Armor
35:19 Elite Skirmisher
37:59 Elite Kamayuk
40:53 Plate Mail Armor
42:12 Gold Shaft Mining
42:54 Blast Furnace
45:31 Chemistry
44:46 Bracer
45:01 Leather Archer Armor
48:54 Ring Archer Armor
antzostef
11:33 Feudal Age
12:06 Double-Bit Axe
12:04 Horse Collar
18:12 Castle Age
16:28 Scale Mail Armor
16:49 Stone Mining
17:45 Gold Mining
21:41 Stone Shaft Mining
23:07 Bow Saw
24:37 Wheelbarrow
24:33 Heavy Plow
25:53 Hand Cart
26:46 Loom
31:12 Imperial Age
29:25 Fervor
30:37 Forging
30:42 Chain Mail Armor
31:05 Chain Mail Armor
31:46 Ironclad
32:29 Crop Rotation
33:10 Two-Man Saw
33:18 Plate Mail Armor
33:24 Iron Casting
34:35 Elite Teutonic Knight
37:53 Ballistics
39:43 Blast Furnace
38:35 Fletching
39:00 Squires
38:46 Arson
39:54 Conscription
40:34 Onager
41:12 Onager
43:11 Conscription
43:44 Siege Onager
44:45 Siege Engineers
45:41 Chemistry
44:52 Masonry
44:54 Fortified Wall
45:29 Crenellations
45:17 Bodkin Arrow
B.oob
1:43 Loom
10:37 Feudal Age
16:15 Castle Age
14:29 Double-Bit Axe
15:25 Fletching
15:32 Gold Mining
17:18 Stone Mining
20:46 Fortified Wall
21:52 Masonry
23:59 Crossbowman
24:18 Pikeman
30:50 Imperial Age
28:07 Horse Collar
29:08 Ballistics
29:48 Gold Shaft Mining
30:22 Bodkin Arrow
30:51 Treadmill Crane
30:50 Arbalester
32:20 Wheelbarrow
33:19 Chemistry
36:52 Hand Cart
43:26 Bracer
43:27 Padded Archer Armor
44:16 Yeomen
44:46 Yeomen
50:11 Caravan
50:30 Leather Archer Armor
Cumstain
10:53 Feudal Age
9:09 Loom
12:01 Double-Bit Axe
13:02 Stone Mining
16:05 Castle Age
13:56 Horse Collar
17:18 Wheelbarrow
17:12 Bow Saw
20:13 Hand Cart
23:05 Heavy Plow
29:40 Imperial Age
27:03 Gold Mining
28:28 Forging
28:23 Scale Barding Armor
28:56 Gold Shaft Mining
28:43 Squires
28:29 Arson
29:37 Husbandry
29:47 Bloodlines
30:43 Iron Casting
30:28 Chain Barding Armor
31:56 Crop Rotation
32:27 Two-Man Saw
31:53 Caravan
31:47 Elite Battle Elephant
34:06 Chemistry
33:40 Paiks
36:16 Blast Furnace
35:51 Plate Barding Armor
36:48 Mahayana
36:52 Conscription
38:06 Siege Engineers
38:24 Ballistics
38:15 Masonry
38:15 Fortified Wall
38:31 Devotion
Codeblue
10:36 Feudal Age
16:01 Castle Age
14:17 Double-Bit Axe
14:36 Horse Collar
17:29 Bow Saw
22:03 Gold Mining
21:45 Elite Skirmisher
26:13 Wheelbarrow
25:25 Loom
25:56 Town Watch
27:22 Fletching
31:38 Imperial Age
29:44 Bodkin Arrow
29:53 Padded Archer Armor
30:18 Ballistics
32:20 Thumb Ring
32:41 Leather Archer Armor
33:40 Chemistry
32:46 Siege Engineers
33:04 Hand Cart
33:30 Caravan
33:15 Imperial Skirmisher
34:23 Bracer
34:53 Ring Archer Armor
41:22 Forging
41:13 Scale Mail Armor
41:20 Scale Barding Armor
41:18 Chatras
43:03 Iron Casting
50:41 Two-Man Saw
53:19 Heavy Plow
56:43 Crop Rotation
chicken
11:26 Feudal Age
12:14 Double-Bit Axe
15:03 Castle Age
12:54 Horse Collar
14:22 Gold Mining
17:28 Bow Saw
18:37 Heavy Plow
20:34 Loom
23:36 Ballistics
23:46 Loom
24:37 Wheelbarrow
24:08 Stone Mining
26:11 Hand Cart
27:04 Hand Cart
29:54 Imperial Age
27:26 Town Watch
27:21 Man-at-Arms
28:02 Squires
28:03 Scale Mail Armor
28:13 Forging
30:47 Chain Mail Armor
31:08 Iron Casting
29:55 Long Swordsman
30:04 Capped Ram
31:29 Conscription
31:14 Ballistas
31:10 Legionary
31:25 Siege Ram
31:55 Heavy Scorpion
33:37 Comitatenses
34:48 Chemistry
34:25 Masonry
35:21 Blast Furnace
34:11 Pikeman
35:42 Gold Shaft Mining
36:39 Siege Engineers
36:28 Halberdier
41:12 Scale Barding Armor
42:46 Chain Barding Armor
41:49 Elite Centurion
46:03 Bloodlines
45:53 Husbandry
45:15 Light Cavalry
46:15 Fletching
47:08 Plate Barding Armor
Connection lost

Rejoining the realm…

Still unreachable

The connection could not be restored.

Session expired

The server has moved on; the page needs a fresh start.